 Dungeon Crawl Stone Soup version 0.23.0 (webtiles) character file.

Game seed: 10138994616897950631

8710 grindst0ne the Thaumaturge (level 11, -8/83 HPs)
             Began as a Gnoll Wanderer on Feb 10, 2019.
             Was a Believer of Ru.
             Mangled by a tentacled starspawn (17 damage)
             ... on level 1 of the Abyss.
             The game lasted 00:30:59 (12145 turns).

grindst0ne the Thaumaturge (Gnoll Wanderer)        Turns: 12145, Time: 00:31:00

Health: -8/83      AC: 12    Str: 15    XL:     11   Next: 35%
Magic:  23/23      EV: 15    Int: 16    God:    Ru [**....]
Gold:   389        SH: 11    Dex: 21    Spells: 24/26 levels left

rFire    . . .     SeeInvis .   o - +2 mace (venom)
rCold    . . .     Gourm    .   a - +0 shield
rNeg     . . .     Faith    .   C - +0 chain mail
rPois    .         Spirit   .   (no helmet)
rElec    .         Reflect  .   F - +0 cloak
rCorr    .         Harm     .   (no gloves)
MR       ++...                  J - +0 pair of boots
Stlth    ..........             e - amulet of the acrobat
HPRegen  0.23/turn              M - ring of protection from magic
MPRegen  0.18/turn              H - ring of protection from magic

@: agile, about to teleport
A: distributed training, fangs 1, no stealth, hated by all, strong nose
a: Renounce Religion


You were on level 1 of the Abyss.
You worshipped Ru.
Ru was pleased with you.
You were not hungry.

You visited 2 branches of the dungeon, and saw 11 of its levels.
You visited the Abyss 1 time.

You collected 539 gold pieces.
You spent 150 gold pieces at shops.

Inventory:

Hand Weapons
 o - a +2 mace of venom (weapon)
 w - a +3 war axe
Missiles
 h - 2 javelins
 l - 7 tomahawks (quivered)
 n - a throwing net
 B - 130 arrows
Armour
 a - a +0 shield (worn)
 C - a +0 chain mail (worn)
 F - a +0 cloak (worn)
 J - a +0 pair of boots (worn)
Jewellery
 e - an amulet of the acrobat (around neck)
 H - a ring of protection from magic (right hand)
 M - a ring of protection from magic (left hand)
 P - an uncursed ring of stealth
Wands
 p - a wand of polymorph (7)
 q - a wand of flame (21)
 G - a wand of random effects (8)
 I - a wand of paralysis (5)
 L - a wand of acid (7)
Scrolls
 i - 3 scrolls of fear
 j - 2 scrolls of remove curse
 m - 3 scrolls of fog
 t - 2 scrolls of teleportation
 u - 2 scrolls of enchant armour
 v - 3 scrolls of enchant weapon
 D - a scroll of magic mapping
 N - 2 scrolls of identify
Potions
 b - 2 potions of lignification
 c - 2 potions of haste
 g - a potion of brilliance
 k - a potion of cancellation
 r - 2 potions of curing
 s - 2 potions of flight
 x - a potion of ambrosia
 z - a potion of mutation
 A - 3 potions of might
Comestibles
 f - 15 rations


   Skills:
 + Level 6.7 Fighting
 + Level 6.1 Short Blades
 + Level 6.1 Long Blades
 + Level 6.1 Axes
 + Level 6.1 Maces & Flails
 + Level 6.1 Polearms
 + Level 6.1 Staves
 + Level 6.1 Slings
 + Level 6.1 Bows
 + Level 6.1 Crossbows
 + Level 6.1 Throwing
 + Level 6.1 Armour
 + Level 7.7 Dodging
   Level 0.0 Stealth
 + Level 7.7 Shields
 + Level 6.7 Unarmed Combat
 + Level 8.0 Spellcasting
 + Level 5.0 Conjurations
 + Level 5.0 Hexes
 + Level 5.0 Charms
 + Level 5.0 Summonings
 + Level 5.0 Necromancy
 + Level 5.0 Translocations
 + Level 5.0 Transmutations
 + Level 5.0 Fire Magic
 + Level 5.0 Ice Magic
 + Level 5.0 Air Magic
 + Level 5.0 Earth Magic
 + Level 5.5 Poison Magic
 + Level 6.7 Invocations
 + Level 6.1 Evocations


You had 24 spell levels left.
You knew the following spells:

 Your Spells              Type           Power        Failure   Level  Hunger
a - Blink                 Tloc           N/A          65%         2    None

Your spell library contained the following spells:

 Spells                   Type           Power        Failure   Level  Hunger
 Confusing Touch          Hex            ###...       52%         1    None
 Freeze                   Ice            ###.         52%         1    None
 Sandblast                Erth           ###...       52%         1    None
 Passwall                 Tmut/Erth      ###.....     65%         2    None
 Shroud of Golubria       Chrm/Tloc      ###.......   65%         2    None
 Throw Frost              Conj/Ice       ###...       65%         2    None
 Confuse                  Hex            ###.....     87%         3    ##.....
 Gell's Gravitas          Tloc           ###.......   87%         3    ##.....
 Ozocubu's Armour         Chrm/Ice       ###.....     87%         3    ##.....
 Stone Arrow              Conj/Erth      ###...       87%         3    ##.....
 Petrify                  Tmut/Erth      ###.....     99%         4    ####...
 Throw Icicle             Conj/Ice       ###.....     99%         4    ####...
 Lee's Rapid Deconstruct  Erth           ###.......   100%        5    #####..
 Metabolic Englaciation   Hex/Ice        ###.......   100%        5    #####..
 Yara's Violent Unravell  Hex/Tmut       ###.......   100%        5    #####..
 Summon Ice Beast         Ice/Summ       Unusable     N/A         4    N/A

Dungeon Overview and Level Annotations

Branches:
Dungeon (10/15)            Temple (1/1) D:4            Lair (0/6) D:10
    Orc (0/2) D:9

Altars:
Ashenzari
Cheibriados
Dithmenos
Elyvilon
Fedhas
Gozag
Hepliaklqana
Kikubaaqudgha
Makhleb
Nemelex Xobeh
Okawaru
Qazlal
Ru
Sif Muna
Trog
Uskayaw
Vehumet
Wu Jian
Xom
Yredelemnul
Zin
The Shining One
Beogh
Lugonu

Shops:
D:5 *

Annotations:
D:8 1 runed translucent door, Killmatronix's ghost, novice GnWn


Innate Abilities, Weirdness & Mutations

Your experience applies equally to all skills.
You have very sharp teeth.
You cannot be stealthy.
You are hated by all.
Your uncanny sense of smell can sniff out nearby items.


Message History

Aiming: Paralyse
Press: ? - help, Shift-Dir - straight line, f - tentacled starspawn
Aim: a tentacled starspawn (chance to defeat MR: 1%)
Okay, then.
Unknown command.
It was a potion of magic.
Magic courses through your body.
You block the large abomination's attack.
The tentacled starspawn bites you!!
* * * LOW HITPOINT WARNING * * *
The tentacled starspawn closely misses you.
It was a potion of heal wounds.
You feel much better. The large abomination hits you!!
* * * LOW HITPOINT WARNING * * *
The tentacled starspawn closely misses you.
You block the tentacled starspawn's attack.
Okay, then.
You feel agile all of a sudden.
The large abomination is lost in a daze.
The tentacled starspawn bites you!
You die...

#.3## # ...
.#.. .. .. .
..####.#. .#
#.#.# .. #.#.
#.# ...#.#
.#.3 #.# .
.#####.#.#..#
#.# .
.....#..
##### #... .
#.#@X##..# ∆
##.###X#..# #
.#..####....
# #.#.....#
#...
#.......####
.#. ...###.#
#. .. .#. #
##. #. ## #.
##


You could see a tentacled starspawn and a large abomination (dazed).

Vanquished Creatures
  2 two-headed ogres
  Pikel (D:4)
  A hornet (D:9)
  2 hippogriffs
  A wyvern (D:10)
  5 yaks (D:10)
  A hungry ghost (D:9)
  5 orc warriors
  2 ice beasts
  4 black bears
  3 necrophages
  3 sky beasts
  2 phantoms
  8 ogres
  6 centaurs
  2 big kobolds
  A wyvern zombie (D:10)
  7 bullfrogs
  5 scorpions
  9 wights
  7 crimson imps
  4 hounds
  A centaur zombie (D:5)
  A jelly (D:9)
  6 orc priests
  An iron imp (D:9)
  A centaur skeleton (D:8)
  2 iguanas
  6 orc wizards
  4 worker ants
  A killer bee zombie (D:6)
  A hound zombie (D:5)
  A worker ant zombie (D:5)
  9 adders
  8 gnolls
  3 shadow imps
  A white imp (Abyss:1)
  An ufetubus (Abyss:1)
  2 oozes (D:1)
  An adder skeleton (D:9)
  4 dart slugs
  7 leopard geckos
  37 orcs
  8 giant cockroaches
  12 goblins
  A hobgoblin (D:1)
  13 jackals
  16 kobolds
  6 quokkas
  13 bats
  13 frilled lizards
  A jackal skeleton (D:5)
  A quokka skeleton (D:5)
  5 rats
268 creatures vanquished.

Vanquished Creatures (others)
  2 starspawn tentacles (Abyss:1)
2 creatures vanquished.

Grand Total: 270 creatures vanquished

Notes
Turn   | Place    | Note
-------+----------+-------------------------------------------
     0 | D:1      | grindst0ne the Gnoll Wanderer began the quest for the Orb.
     0 | D:1      | grindst0ne set off with the following items: a +0 shield, a
                  | potion of lignification, a +0 robe, a +0 dagger, a ration;
                  | and the following spells available to memorise: Blink,
                  | Shroud of Golubria
     0 | D:1      | Reached XP level 1. HP: 17/17 MP: 6/6
    52 | D:1      | Reached XP level 2. HP: 23/23 MP: 7/7
    64 | D:1      | Learned a level 2 spell: Blink
   359 | D:1      | Reached XP level 3. HP: 18/28 MP: 9/9
   407 | D:1      | Reached skill level 5 in Spellcasting
   740 | D:1      | Reached skill level 1 in Invocations
  1376 | D:2      | Reached skill level 1 in Short Blades
  1376 | D:2      | Reached skill level 1 in Long Blades
  1376 | D:2      | Reached skill level 1 in Axes
  1376 | D:2      | Reached skill level 1 in Maces & Flails
  1376 | D:2      | Reached skill level 1 in Polearms
  1376 | D:2      | Reached skill level 1 in Staves
  1376 | D:2      | Reached skill level 1 in Slings
  1376 | D:2      | Reached skill level 1 in Bows
  1376 | D:2      | Reached skill level 1 in Crossbows
  1376 | D:2      | Reached skill level 1 in Throwing
  1376 | D:2      | Reached skill level 1 in Armour
  1376 | D:2      | Reached skill level 1 in Evocations
  1376 | D:2      | Reached XP level 4. HP: 33/34 MP: 11/11
  1840 | D:3      | HP: 1/34 [something (3)]
  1849 | D:3      | Reached skill level 1 in Conjurations
  1849 | D:3      | Reached skill level 1 in Hexes
  1849 | D:3      | Reached skill level 1 in Charms
  1849 | D:3      | Reached skill level 1 in Summonings
  1849 | D:3      | Reached skill level 1 in Necromancy
  1849 | D:3      | Reached skill level 1 in Translocations
  1849 | D:3      | Reached skill level 1 in Transmutations
  1849 | D:3      | Reached skill level 1 in Fire Magic
  1849 | D:3      | Reached skill level 1 in Ice Magic
  1849 | D:3      | Reached skill level 1 in Air Magic
  1849 | D:3      | Reached skill level 1 in Earth Magic
  1880 | D:3      | Reached XP level 5. HP: 5/40 MP: 12/12
  2511 | D:3      | You fall through a shaft for 3 floors!
  2511 | D:6      | Found a glowing silver altar of Zin.
  2517 | D:5      | Entered Level 5 of the Dungeon
  2557 | D:4      | Found a staircase to the Ecumenical Temple.
  2562 | Temple   | Entered the Ecumenical Temple
  2697 | D:4      | Noticed an ogre
  2699 | D:4      | Reached XP level 6. HP: 47/47 MP: 13/13
  2730 | D:4      | Reached skill level 5 in Dodging
  2730 | D:4      | Reached skill level 5 in Shields
  2998 | D:3      | Found a blossoming altar of Fedhas.
  3328 | D:4      | Noticed Pikel
  3328 | D:4      | Noticed a slave
  3360 | D:4      | Killed Pikel
  3360 | D:4      | Reached XP level 7. HP: 41/53 MP: 15/15
  3449 | D:4      | Reached XP level 8. HP: 23/60 MP: 16/16
  3816 | D:5      | Found Imoxkif's Assorted Antiques.
  3823 | D:5      | Bought an agate ring for 150 gold pieces
  4313 | D:5      | Reached skill level 6 in Spellcasting
  5340 | D:5      | Found an ancient bone altar of Kikubaaqudgha.
  5414 | D:5      | Reached XP level 9. HP: 49/66 MP: 18/18
  5539 | D:6      | Got a brightly glowing falchion
  5540 | D:6      | Identified the cursed +1 falchion "Wung" {protect, rF+
                  | Str+2 Stlth+} (You found it on level 6 of the Dungeon)
  5838 | D:6      | Found a shimmering altar of Xom.
  6338 | D:6      | Found a sacrificial altar of Ru.
  6407 | D:6      | Found a shattered altar of Ashenzari.
  6411 | D:6      | Found an opulent altar of Gozag.
  6411 | D:6      | Found a hide-covered altar of Uskayaw.
  6498 | D:7      | Reached skill level 5 in Fighting
  6498 | D:7      | Reached skill level 5 in Unarmed Combat
  6720 | D:7      | Reached skill level 5 in Stealth
  7400 | D:7      | Reached skill level 5 in Invocations
  7423 | D:7      | Found a burning altar of Makhleb.
  7639 | D:6      | Became a worshipper of Ru the Awakened
  7726 | D:8      | Noticed a two-headed ogre
  7740 | D:8      | Killed a two-headed ogre
  7740 | D:8      | Reached skill level 7 in Spellcasting
  7740 | D:8      | Reached XP level 10. HP: 36/75 MP: 20/20
  8044 | D:8      | Reached skill level 5 in Short Blades
  8044 | D:8      | Reached skill level 5 in Long Blades
  8044 | D:8      | Reached skill level 5 in Axes
  8044 | D:8      | Reached skill level 5 in Maces & Flails
  8044 | D:8      | Reached skill level 5 in Polearms
  8044 | D:8      | Reached skill level 5 in Staves
  8044 | D:8      | Reached skill level 5 in Slings
  8044 | D:8      | Reached skill level 5 in Bows
  8044 | D:8      | Reached skill level 5 in Crossbows
  8044 | D:8      | Reached skill level 5 in Throwing
  8044 | D:8      | Reached skill level 5 in Armour
  8044 | D:8      | Reached skill level 5 in Evocations
  9330 | D:8      | Found a runed translucent door.
  9330 | D:8      | Noticed a kobold demonologist
  9330 | D:8      | Noticed Killmatronix's ghost (novice GnWn)
  9331 | D:8      | Found the amulet of the Four Winds {rN+ MR+++ Clar}
  9576 | D:8      | Gained mutation: You are hated by all. [Ru sacrifice]
  9576 | D:8      | Reached * piety under Ru
  9775 | D:8      | Found a sparkling altar of Nemelex Xobeh.
  9775 | D:8      | Found an iron altar of Okawaru.
  9977 | D:9      | Reached skill level 5 in Poison Magic
 10453 | D:9      | Found a staircase to the Orcish Mines.
 10470 | D:9      | Found a roughly hewn altar of Beogh.
 10616 | D:9      | Found a white marble altar of Elyvilon.
 10701 | D:9      | Found a snail-covered altar of Cheibriados.
 10860 | D:9      | Paralysed by a hornet for 1 turns
 11095 | D:10     | Entered Level 10 of the Dungeon
 11101 | D:10     | Reached XP level 11. HP: 53/81 MP: 22/22
 11462 | D:10     | Found a deep blue altar of Sif Muna.
 11863 | D:10     | Noticed a two-headed ogre
 11879 | D:10     | Reached skill level 5 in Conjurations
 11879 | D:10     | Reached skill level 5 in Hexes
 11879 | D:10     | Reached skill level 5 in Charms
 11879 | D:10     | Reached skill level 5 in Summonings
 11879 | D:10     | Reached skill level 5 in Necromancy
 11879 | D:10     | Reached skill level 5 in Translocations
 11879 | D:10     | Reached skill level 5 in Transmutations
 11879 | D:10     | Reached skill level 5 in Fire Magic
 11879 | D:10     | Reached skill level 5 in Ice Magic
 11879 | D:10     | Reached skill level 5 in Air Magic
 11879 | D:10     | Reached skill level 5 in Earth Magic
 11880 | D:10     | Killed a two-headed ogre
 11880 | D:10     | Reached skill level 8 in Spellcasting
 11983 | D:10     | Found a staircase to the Lair.
 11987 | D:10     | Cast into level 1 of the Abyss (gnoll)
 12115 | Abyss:1  | Gained mutation: You cannot be stealthy. [Ru sacrifice]
 12115 | Abyss:1  | Reached ** piety under Ru
 12129 | Abyss:1  | Noticed a tentacled starspawn
 12135 | Abyss:1  | Noticed a large abomination
 12145 | Abyss:1  | Mangled by a tentacled starspawn

Skill      XL: |  1  2  3  4  5  6  7  8  9 10 11 |
---------------+----------------------------------+-----
Poison Magic   | 2 3 4 5 |  5.5
Spellcasting   | 5 6 7 8 |  8.0
Invocations    | 1 3 4 5 6 |  6.7
Short Blades   | 1 2 3 4 5 6 |  6.1
Long Blades    | 1 2 3 4 5 6 |  6.1
Axes           | 1 2 3 4 5 6 |  6.1
Maces & Flails | 1 2 3 4 5 6 |  6.1
Polearms       | 1 2 3 4 5 6 |  6.1
Staves         | 1 2 3 4 5 6 |  6.1
Slings         | 1 2 3 4 5 6 |  6.1
Bows           | 1 2 3 4 5 6 |  6.1
Crossbows      | 1 2 3 4 5 6 |  6.1
Throwing       | 1 2 3 4 5 6 |  6.1
Armour         | 1 2 3 4 5 6 |  6.1
Evocations     | 1 2 3 4 5 6 |  6.1
Conjurations   | 1 2 3 4 5 |  5.0
Hexes          | 1 2 3 4 5 |  5.0
Charms         | 1 2 3 4 5 |  5.0
Summonings     | 1 2 3 4 5 |  5.0
Necromancy     | 1 2 3 4 5 |  5.0
Translocations | 1 2 3 4 5 |  5.0
Transmutations | 1 2 3 4 5 |  5.0
Fire Magic     | 1 2 3 4 5 |  5.0
Ice Magic      | 1 2 3 4 5 |  5.0
Air Magic      | 1 2 3 4 5 |  5.0
Earth Magic    | 1 2 3 4 5 |  5.0
Fighting       | 3 4 5 6 |  6.7
Unarmed Combat | 3 4 5 6 |  6.7
Stealth        | 3 4 5 6 0 |  0.0
Dodging        | 5 6 7 |  7.7
Shields        | 5 6 7 |  7.7

Action                   |  1- 3 |  4- 6 |  7- 9 | 10-12 || total
-------------------------+-------+-------+-------+-------++-------
Melee: Dagger            |    38 |       |       |       ||    38
       Hand axe          |    40 |       |       |       ||    40
       Bite              |     6 |    14 |    68 |    66 ||   154
       Mace              |    21 |   147 |   224 |   455 ||   847
       Falchion          |       |       |   313 |       ||   313
Throw: Tomahawk          |       |       |     7 |       ||     7
Invok: Sacrifice Love    |       |       |       |     1 ||     1
       Sacrifice Stealth |       |       |       |     1 ||     1
Evoke: Wand              |       |       |     2 |     4 ||     6
  Use: Potion            |       |     4 |       |     5 ||     9
       Scroll            |       |     6 |    10 |     4 ||    20
 Stab: Sleeping          |     7 |     4 |     2 |       ||    13
  Eat: Chunk             |     2 |     6 |    10 |    13 ||    31
       Ration            |       |       |     2 |     1 ||     3
Armor: Robe              |    15 |       |       |       ||    15
       Ring mail         |     6 |    36 |   122 |       ||   164
       Chain mail        |       |       |    13 |   166 ||   179
Dodge: Dodged            |    47 |    62 |   260 |   133 ||   502
Block: Shield            |    48 |    70 |   227 |   245 ||   590
       Rpst.: Falchion   |       |       |    53 |       ||    53
